 Dungeon Crawl Stone Soup version 0.29.1-12-g30fa7ad0bf (webtiles) character file.

Game seed: 9719854355569403382

102 javelincjr the Trooper (level 4, -1/48 HPs)
             Began as an Ogre Gladiator on Jan 14, 2023.
             Succumbed to a scorpion's poison
             ... on level 2 of the Dungeon.
             The game lasted 00:03:01 (1326 turns).

javelincjr the Trooper (Ogre Gladiator)             Turns: 1326, Time: 00:03:01

Health: -1/48      AC:  4    Str: 19 (20) XL:     4   Next: 78%
Magic:  4/4        EV: 10    Int:  8 (9)  God:
Gold:   87         SH:  0    Dex:  8 (10) Spells: 3/3 levels left

rFire   . . .      SeeInvis .   h - +0 short sword (venom)
rCold   . . .      Faith    .   (no shield)
rNeg    . . .      Spirit   .   b - +0 robe
rPois   .          Reflect  .   c - +0 hat
rElec   .          Harm     .   q - +0 cloak
rCorr   .          Rampage  .   (gloves unavailable)
Will    .....                   (boots unavailable)
Stlth   +.........              (no amulet)
HPRegen 0.16/turn               (no ring)
MPRegen 0.09/turn               (no ring)

@: lethally poisoned (-1 -> -8)
A: large, unfitting armour, tough skin 1, horns 1
a: no special abilities


You were on level 2 of the Dungeon.
You visited 1 branch of the dungeon, and saw 2 of its levels.

You collected 87 gold pieces.

Inventory:

Hand Weapons
 a - a +0 trident
 h - a +0 short sword of venom (weapon)
Missiles
 d - 3 throwing nets
 e - a large rock (quivered)
Armour
 b - a +0 robe (worn)
 c - a +0 hat (worn)
 q - a +0 cloak (worn)
Jewellery
 p - a ring of wizardry
Scrolls
 i - a scroll of fog {unknown}
 j - 2 scrolls of identify {unknown}
 m - a scroll of blinking {unknown}
 o - a scroll of teleportation {unknown}
Potions
 f - a potion of curing {unknown}
 g - a potion of attraction {unknown}
 k - a potion of cancellation {unknown}
 n - a potion of mutation


   Skills:
 + Level 3.8 Fighting
 + Level 1.2 Short Blades
 + Level 3.7 Polearms
 + Level 2.1 Throwing
 + Level 3.4 Dodging
 + Level 0.2 Stealth


You had 3 spell levels left.
You didn't know any spells.
Your spell library contained the following spells:

 Spells                   Type           Power      Damage    Failure   Level
 Inner Flame              Hex/Fire       0%         N/A       78%         3
 Cause Fear               Hex            0%         N/A       99%         4
 Discord                  Hex            0%         N/A       100%        8


Dungeon Overview and Level Annotations

Branches:
Dungeon (2/15)

Altars:


Innate Abilities, Weirdness & Mutations

You are too large for most types of armour.
You have tough skin. (AC +1)
You have a pair of small horns on your head.


Message History

You barely miss the scorpion. The scorpion stings you.
You are poisoned.
The scorpion poisons you! The scorpion stings you.
You are more poisoned.
The scorpion poisons you!
You hit the scorpion but do no damage.
The scorpion is poisoned.
You feel very sick. The scorpion misses you.
You closely miss the scorpion.
The scorpion is moderately wounded.
You feel very sick. The scorpion stings you.
You are lethally poisoned!
The scorpion poisons you!
You barely miss the scorpion.
The scorpion is moderately wounded.
You feel very sick. The scorpion stings you. x2
* * * LOW HITPOINT WARNING * * *
You are too injured to fight recklessly!
You hit the scorpion.
The scorpion looks as sick as possible!
The scorpion is heavily wounded.
* * * LOW HITPOINT WARNING * * *
You feel very sick. The scorpion completely misses you.
You hit the scorpion but do no damage.
The scorpion looks as sick as possible!
The scorpion is almost dead.
* * * LOW HITPOINT WARNING * * *
You feel very sick.
You kill the scorpion!
Your Short Blades skill increases to level 1!
You have reached level 4!
It was a potion of mutation.
You feel extremely strange. A pair of horns grows on your head!
* * * LOW HITPOINT WARNING * * *
You feel sick.
It was a potion of degeneration.
There was something very wrong with that liquid.
You feel weakened.
You feel dopey.
You feel clumsy.
You die...

#. #### #. ... #. ..#
#. ..# ####.#.(
.......####.# ...
#.#.#††.....# ...
#.#..@# ##.#
#######.#..## ....
#....##.#..# ...
#.##.##.#[.##### #..
######.##.............
##..
.......#####.#########
#... ................#
#.#. ############.##.#
#.#. #....# #.#.


There were no monsters in sight!

Vanquished Creatures
  A scorpion (D:2)
  An adder (D:2)
  A worm (D:2)
  A dart slug (D:2)
  3 ball pythons
  5 giant cockroaches
  3 goblins (D:1)
  2 hobgoblins (D:1)
  A quokka (D:1)
  A bat (D:1)
  3 kobolds
  5 rats (D:1)
27 creatures vanquished.

Vanquished Creatures (others)
  A plant (D:1)
1 creature vanquished.

Grand Total: 28 creatures vanquished

Notes
Turn   | Place    | Note
-------+----------+-------------------------------------------
     0 | D:1      | javelincjr the Ogre Gladiator began the quest for the Orb.
     0 | D:1      | Reached XP level 1. HP: 22/22 MP: 1/1
   238 | D:1      | Reached XP level 2. HP: 28/29 MP: 2/2
   450 | D:1      | Found a faded altar of an unknown god.
   928 | D:2      | Reached XP level 3. HP: 22/37 MP: 3/3
  1311 | D:2      | Noticed a scorpion
  1324 | D:2      | Killed a scorpion
  1325 | D:2      | Reached skill level 1 in Short Blades
  1325 | D:2      | Reached XP level 4. HP: 3/48 MP: 4/4
  1325 | D:2      | Gained mutation: You have a pair of small horns on your
                  | head. [potion of mutation]
  1325 | D:2      | HP: 1/48 [poisoned by a scorpion]
  1326 | D:2      | Succumbed to a scorpion's poison

Illustrated notes

Levels and vault maps discovered:
D:1:      scummos_arrival_simple_crosswalls, layout_basic,
          basic_ecumenical_altar, serial_bayou_lagoon_a
D:2:      layout_loops_ring

Skill      XL: |  1  2  3 |
---------------+----------+-----
Dodging        | 3 |  3.4
Fighting       | 3 |  3.8
Short Blades   | 1 |  1.2
Polearms       | |  3.7
Throwing       | |  2.1
Stealth        | |  0.2

Action                   |  1- 3 |  4- 6 || total
-------------------------+-------+-------++-------
Melee: Trident           |    20 |       ||    20
       Short sword       |    90 |       ||    90
       Punch             |     1 |       ||     1
Throw: Large rock        |     1 |       ||     1
  Use: Potion            |       |     2 ||     2
Armor: Robe              |    28 |       ||    28
Dodge: Dodged            |    55 |       ||    55
